 Dungeon Crawl Stone Soup version 0.26-a0-651-gb41185065b (webtiles) character file.

Game seed: 13766286038294062385

112 Irenicus the Digger (level 4, -2/36 HPs)
             Began as a Deep Dwarf Earth Elementalist on Oct 9, 2020.
             Slain by Grinder (5 damage)
             ... on level 3 of the Dungeon on Oct 10, 2020.
             The game lasted 00:10:00 (1211 turns).

Irenicus the Digger (Deep Dwarf Earth Elementalist) Turns: 1211, Time: 00:10:00

Health: -2/36      AC:  3    Str: 12    XL:     4   Next: 64%
Magic:  0/6        EV: 12    Int: 16    God:
Gold:   105        SH:  0    Dex: 13    Spells: 3/6 levels left

rFire    . . .     SeeInvis .   v - +4 dagger (drain)
rCold    . . .     Faith    .   (no shield)
rNeg     . . .     Spirit   .   o - +0 leather armour
rPois    +         Reflect  .   (no helmet)
rElec    .         Harm     .   (no cloak)
rCorr    .         Rampage  .   (no gloves)
MR       .....                  (no boots)
Stlth    ++........             (no amulet)
HPRegen  0.00/turn              r - ring of poison resistance {rPois, !d}
MPRegen  0.10/turn              (no ring)

@: non-regenerating
A: damage resistance, heal wounds, sense surroundings 1, no regeneration
a: Heal Wounds


You were on level 3 of the Dungeon.
You visited 1 branch of the dungeon, and saw 3 of its levels.

You collected 105 gold pieces.

Inventory:

Hand Weapons
 i - a +0 whip
   (You took it off a kobold on level 1 of the Dungeon)
 k - a +0 dagger
   (You found it on level 1 of the Dungeon)
 v - a +4 dagger of draining (weapon)
   (You took it off Jessica on level 2 of the Dungeon)
 w - a +2 dagger of draining
   (You found it on level 1 of the Dungeon)
Missiles
 b - 63 stones (quivered)
 p - 2 throwing nets {=f, !d}
Armour
 c - a +0 robe
 o - a +0 leather armour (worn)
   (You found it on level 1 of the Dungeon)
Jewellery
 r - a ring of poison resistance (left hand) {rPois, !d}
   (You found it on level 2 of the Dungeon)
Scrolls
 a - a scroll of enchant weapon {unknown}
 d - 2 scrolls of remove curse {unknown}
 f - 6 scrolls of identify {unknown}
 h - 2 scrolls of blinking {unknown}
 j - a scroll of random uselessness {unknown}
 m - a scroll of fear {unknown}
 q - a scroll of teleportation {unknown}
Potions
 e - 2 potions of berserk rage {unknown}
 g - 4 potions of curing {unknown}
 l - a potion of might {unknown}
 n - a potion of heal wounds {unknown}
 s - a potion of magic {unknown}
 t - a potion of haste {unknown}
 u - a potion of mutation {unknown}
 x - a potion of degeneration {unknown}


   Skills:
 - Level 2.1 Dodging
 - Level 2.4 Stealth
 - Level 1.7 Spellcasting
 - Level 0.8 Transmutations
 + Level 7.2 Earth Magic


You had 3 spell levels left.
You knew the following spells:

 Your Spells              Type           Power        Failure   Level
a - Sandblast             Erth           ###...       1%          1
w - Passwall              Tmut/Erth      ##......     8%          2

Your spell library contained the following spells:

 Spells                   Type           Power        Failure   Level
 Stone Arrow              Conj/Erth      ##....       19%         3
 Lee's Rapid Deconstruct  Erth           ###.......   36%         5
 Petrify                  Tmut/Erth      ##......     45%         4


Dungeon Overview and Level Annotations

Branches:
Dungeon (3/15)

Altars:
Uskayaw

Annotations:
D:3 Grinder


Innate Abilities, Weirdness & Mutations

You are resistant to damage.
You can heal yourself by infusing magical energy.
You passively map a small area around you.
You do not regenerate.


Message History

Aim: an orc, wielding a +0 dagger and wearing a +0 leather armour The blast of sand hits the orc.
The orc is severely wounded.
b - 67 stones You now have 0/6 mp.
You closely miss the orc.
The orc is severely wounded.
The orc barely misses you.
Casting: Sandblast (safe; 1% risk of failure)
Confirm with . or Enter, or press ? or * to list all spells.
Aiming: Sandblast (safe; 1% risk of failure)
Press: ? - help, Shift-Dir - straight line, f/p - orc
Aim: an orc, wielding a +0 dagger and wearing a +0 leather armour (heavily wounded)
The blast of sand hits the orc!
You kill the orc!
b - 66 stones You now have 0/6 mp.
Grinder comes into view.
Grinder moves out of view.
Things that are here:
a +0 dagger; a +0 leather armour; an orc corpse Grinder gestures at you.
You suddenly lose the ability to move!
Grinder blinks!
You can move again.
Things that are here:
a +0 dagger; a +0 leather armour; an orc corpse
Things that are here:
a +0 dagger; a +0 leather armour; an orc corpse Grinder gestures at you.
You suddenly lose the ability to move!
You can move again.
Unknown command.
Casting: Sandblast (safe; 1% risk of failure)
Confirm with . or Enter, or press ? or * to list all spells.
Aiming: Sandblast (safe; 1% risk of failure)
Press: ? - help, Shift-Dir - straight line, f - Grinder
Aim: Grinder The blast of sand hits Grinder.
Grinder is lightly wounded.
b - 65 stones You now have 0/6 mp.
Casting: Sandblast (safe; 1% risk of failure)
Confirm with . or Enter, or press ? or * to list all spells.
You don't have enough magic to cast that spell.
Unknown command.
Grinder blinks!
Grinder gestures at you. Pain shoots through your body!
You take 10 damage, and have 25/36 hp.
MASSIVE DAMAGE!!
Unknown command.
Casting: Sandblast (safe; 1% risk of failure)
Confirm with . or Enter, or press ? or * to list all spells.
Aiming: Sandblast (safe; 1% risk of failure)
Press: ? - help, Shift-Dir - straight line, f/p - Grinder
Aim: Grinder (lightly wounded)
The blast of sand hits Grinder!
Grinder is heavily wounded.
b - 64 stones You now have 0/6 mp.
Grinder barely misses you.
You hit Grinder.
Grinder is heavily wounded.
Grinder hits you!
You writhe in agony.
You take 6 damage, and have 19/36 hp.
You hit Grinder but do no damage.
Grinder is heavily wounded.
Grinder closely misses you.
Casting: Sandblast (safe; 1% risk of failure)
Confirm with . or Enter, or press ? or * to list all spells.
Aiming: Sandblast (safe; 1% risk of failure)
Press: ? - help, Shift-Dir - straight line, f/p - Grinder
Aim: Grinder (heavily wounded)
The blast of sand misses Grinder.
b - 63 stones Grinder hits you.
You writhe in agony.
You take 3 damage, and have 16/36 hp.
You now have 0/6 mp.
You hit Grinder.
Grinder is severely wounded.
Grinder gestures at you. You resist with some effort.
You closely miss Grinder.
Grinder is severely wounded.
Grinder completely misses you.
You closely miss Grinder.
Grinder is severely wounded.
Grinder hits you!
You take 5 damage, and have 11/36 hp.
You completely miss Grinder.
Grinder is severely wounded.
Grinder hits you!
* * * LOW HITPOINT WARNING * * *
You writhe in agony.
You take 6 damage, and have 5/36 hp.
You barely miss Grinder.
Grinder is severely wounded.
Grinder hits you.
* * * LOW HITPOINT WARNING * * *
You writhe in agony.
You die...

......†.....†..# * *
, ,..##...........#
, ,##)......#######*
, ###..............#
*
.........########.#
*#######.........#.#
,
..............#.#**
*
..........5)..#....,
* ....#######@...##
*#** * ,.... ###.#.#
, ... #§..#*, , , ##
##..# * .....
..#.#.# .......
..#.#.# .$..... ,


You could see Grinder.

Vanquished Creatures
  Jessica (D:2)
  2 adders (D:2)
  An ooze (D:1)
  2 worms
  A dart slug (D:2)
  A leopard gecko (D:2)
  An orc (D:3)
  A ball python (D:3)
  2 bats
  5 giant cockroaches
  2 goblins
  10 hobgoblins
  8 jackals (D:2)
  3 kobolds
  A quokka (D:2)
  2 frilled lizards (D:2)
  9 rats
52 creatures vanquished.

Notes
Turn   | Place    | Note
-------+----------+-------------------------------------------
     0 | D:1      | Irenicus the Deep Dwarf Earth Elementalist began the quest
                  | for the Orb.
     0 | D:1      | Reached XP level 1. HP: 15/15 MP: 3/3
   181 | D:2      | Reached skill level 5 in Earth Magic
   181 | D:2      | Reached XP level 2. HP: 20/22 MP: 0/4
   254 | D:2      | Reached XP level 3. HP: 21/28 MP: 2/5
   386 | D:2      | Reached skill level 6 in Earth Magic
   700 | D:2      | Learned a level 2 spell: Passwall
   754 | D:2      | Found a hide-covered altar of Uskayaw.
   847 | D:2      | Reached XP level 4. HP: 11/36 MP: 2/6
   889 | D:2      | Noticed Jessica
   892 | D:2      | Killed Jessica
   892 | D:2      | Reached skill level 7 in Earth Magic
  1177 | D:3      | Noticed Grinder
  1180 | D:3      | Paralysed by Grinder for 4 turns
  1189 | D:3      | Paralysed by Grinder for 2 turns
  1210 | D:3      | HP: 5/36 [Grinder (6)]
  1211 | D:3      | Slain by Grinder

Illustrated notes

Levels and vault maps discovered:
D:1:      erik_arrival_cave_to_civilisation [erik_arrival_cave_to_hall],
          layout_rooms
D:2:      layout_basic, overflow_temple_1_default, uniq_jessica
D:3:      layout_basic, gammafunk_ghost_arena, serial_co_window_serial,
          co_window_paths_a, co_window_corner_a, co_window_corner_a,
          co_window_corner_a, co_window_paths_a, co_window_paths_b,
          co_window_paths_a, co_window_of_opportunity_a, co_window_cross_1,
          co_window_corner_b, co_window_cross_3, co_window_unsneaky_path_b,
          co_window_paths_c, co_window_2corner, glass_columns_c,
          glass_columns_b, glass_columns_a, uniq_grinder

Skill      XL: |  1  2  3  4 |
---------------+-------------+-----
Earth Magic    | 5 6 7 |  7.2
Dodging        | |  2.1
Stealth        | |  2.4
Spellcasting   | |  1.7
Transmutations | |  0.8

Action                   |  1- 3 |  4- 6 || total
-------------------------+-------+-------++-------
Melee: Whip              |    10 |       ||    10
       Dagger            |    62 |    11 ||    73
 Cast: Sandblast         |    41 |    17 ||    58
       Passwall          |     2 |     5 ||     7
 Abil: Heal Wounds       |       |     1 ||     1
 Stab: Sleeping          |     2 |     2 ||     4
Armor: Robe              |    20 |       ||    20
       Leather armour    |     1 |       ||     1
Dodge: Dodged            |    88 |     7 ||    95

Table legend: (Time is in decaauts)
 A = Elapsed time spent in this place.
 B = Non-inter-level travel time spent in this place.
 C = Inter-level travel time spent in this place.
 D = Time resting spent in this place.
 E = Time spent auto-exploring this place.
 F = Levels seen in this place.
 G = Mean time per level.
                   A        B        C        D        E       F      G
               +--------+--------+--------+--------+--------+-----+--------+
         Total |   1211 |   1211 |      0 |      0 |      4 |   3 |  403.7 |
       Dungeon |   1211 |   1211 |      0 |      0 |      4 |   3 |  403.7 |
               +--------+--------+--------+--------+--------+-----+--------+

Top non-repeatable levels by time:
     D:2: 653 daAuts
     D:1: 438 daAuts
     D:3: 119 daAuts

Table legend:
 A = Kills in this place as a percentage of kills in entire the game.
 B = Kills by you in this place as a percentage of kills by you in the entire game.
 C = Kills by friends in this place as a percentage of kills by friends in the entire game.
 D = Other kills in this place as a percentage of other kills in the entire game.
 E = Experience gained in this place as a percentage of experience gained in the entire game.
 F = Experience gained in this place divided by the number of levels of this place that you have seen.
                   A       B       C       D       E      F
               +-------+-------+-------+-------+-------+----------------------
         Total | 100.0 | 100.0 |   N/A |   N/A | 100.0 |  53.7
       Dungeon | 100.0 | 100.0 |   N/A |   N/A | 100.0 |  53.7
               +-------+-------+-------+-------+-------+----------------------
